 Dungeon Crawl Stone Soup version 0.21.0-3-g78d12a8 (webtiles) character file.

164 Dfrag the Firebug (level 5, 0/35 HPs)
             Began as a Demonspawn Fire Elementalist on Jan 11, 2018.
             Slain by a gnoll
             ... wielding a cursed -2 whip
              (8 damage)
             ... on level 3 of the Dungeon.
             The game lasted 00:02:45 (1754 turns).

Dfrag the Firebug (Demonspawn Fire Elementalist)    Turns: 1754, Time: 00:02:45

Health: 0/35       AC:  4    Str:  8    XL:     5   Next: 21%
Magic:  2/9        EV: 12    Int: 18    God:
Gold:   102        SH:  0    Dex: 13    Spells: 9/10 levels left

rFire    . . .     SeeInvis .   j - +0 hand axe (elec)
rCold    . . .     Gourm    .   (no shield)
rNeg     . . .     Faith    .   a - +0 robe
rPois    .         Spirit   .   i - +0 helmet
rElec    .         Reflect  .   (no cloak)
rCorr    .         Harm     .   q - +0 pair of gloves
MR       .....                  (no boots)
Stlth    ++........             (no amulet)
HPRegen  0.11/turn              (no ring)
MPRegen  0.11/turn              (no ring)

@: no status effects
A: hooves 1, powered by death 1, spiny 1
a: no special abilities


You were on level 3 of the Dungeon.
You were not hungry.

You visited 1 branch of the dungeon, and saw 3 of its levels.

You collected 102 gold pieces.

Inventory:

Hand Weapons
 f - a +0 flail
 j - a +0 hand axe of electrocution (weapon)
Missiles
 e - 4 tomahawks of dispersal (quivered)
Armour
 a - a +0 robe (worn)
 i - a +0 helmet (worn)
 q - a +0 pair of gloves (worn)
Scrolls
 g - a scroll of teleportation {unknown}
 k - 2 scrolls of remove curse {unknown}
 l - a scroll of random uselessness {unknown}
 p - 3 scrolls of identify {unknown}
Potions
 d - a potion of haste {unknown}
 h - a potion of flight {unknown}
 m - a potion of might {unknown}
 n - a potion of heal wounds {unknown}
 o - a potion of berserk rage {unknown}
 r - a potion of agility {unknown}
Books
 b - a book of Flames

   Spells                             Type                      Level
   a - Flame Tongue                   Conjuration/Fire             1
   b - Throw Flame                    Conjuration/Fire             2
   c - Conjure Flame                  Conjuration/Fire             3
   d - Inner Flame                    Hexes/Fire                   3
   e - Sticky Flame                   Conjuration/Fire             4
   f - Fireball                       Conjuration/Fire             5
Comestibles
 c - 3 rations


   Skills:
 - Level 1.7 Dodging
 - Level 1.7 Stealth
 + Level 3.3 Spellcasting
 + Level 3.0 Conjurations
 + Level 3.8 Fire Magic


You had 9 spell levels left.
You knew the following spells:

 Your Spells              Type           Power        Failure   Level  Hunger
a - Flame Tongue          Conj/Fire      ###..        3%          1    None


Dungeon Overview and Level Annotations

Branches:
Dungeon (3/15)

Altars:


Innate Abilities, Weirdness & Mutations

You have large cloven feet.
You regenerate a little health from kills.
You are partially covered in sharp spines.


Message History

Press: ? - help, Shift-Dir - straight line, f/p - gnoll
Aim: a gnoll, wielding an enchanted whip The flame tongue hits the gnoll.
You kill the gnoll!
Your Conjurations skill increases to level 3!
Unknown command.
Casting: Flame Tongue
Confirm with . or Enter, or press ? or * to list all spells.
Aiming: Flame Tongue
Press: ? - help, Shift-Dir - straight line, f/p - gnoll
Aim: a gnoll, wielding an enchanted whip The flame tongue hits the gnoll.
The gnoll is moderately wounded.
Unknown command.
You barely miss the gnoll.
The gnoll is moderately wounded.
The gnoll hits you with an enchanted whip!
* * * LOW HITPOINT WARNING * * *
The gnoll hits you with an enchanted whip!
You die...

###.#####.# #.#.......
#......##.# #.####.##.
#......##.######## ##.####.##.
#......##.##.#...####..........
#......##...#...............##
#....g.###.##......####.....#
#.)####.###....##≈≈≈#≈#...#
#.)g.(.## #..g.# ≈≈≈≈≈#...#
##.####g####@.##≈#≈#≈≈##..# #.#
##.###..≈≈≈≈≈≈≈≈≈#..# #.#
##g#.#.#≈≈≈≈≈≈#≈≈..# #.#
##....##≈#≈≈≈≈#≈..### #?#
######..≈≈≈≈#≈≈#...... #.(
.........###≈≈##≈...### ##
#######..).##≈#....##
#............# ##############


You could see a gnoll.

Vanquished Creatures
  2 orc wizards (D:3)
  4 gnolls
  2 adders (D:2)
  A worm (D:2)
  A dart slug (D:1)
  A leopard gecko (D:3)
  An orc (D:3)
  2 giant cockroaches (D:1)
  A goblin (D:2)
  7 hobgoblins
  4 jackals (D:2)
  8 kobolds
  4 bats
  4 frilled lizards
  5 rats
47 creatures vanquished.

Notes
Turn   | Place    | Note
-------+----------+-------------------------------------------
     0 | D:1      | Dfrag the Demonspawn Fire Elementalist began the quest for the Orb.
     0 | D:1      | Reached XP level 1. HP: 13/13 MP: 3/3
    73 | D:1      | Gained mutation: You regenerate a little health from kills. [demonic ancestry]
    73 | D:1      | Reached XP level 2. HP: 19/19 MP: 0/5
   576 | D:1      | Reached XP level 3. HP: 21/24 MP: 6/6
  1138 | D:2      | Gained mutation: You have large cloven feet. [demonic ancestry]
  1138 | D:2      | Reached XP level 4. HP: 30/30 MP: 8/8
  1702 | D:3      | Gained mutation: You are partially covered in sharp spines. [demonic ancestry]
  1702 | D:3      | Reached XP level 5. HP: 30/35 MP: 5/9
  1754 | D:3      | Slain by a gnoll

Skill      XL: |  1  2  3  4  5 |
---------------+----------------+-----
Fire Magic     | 3 |  3.8
Conjurations   | 2 3 |  3.0
Spellcasting   | 3 |  3.3
Dodging        | |  1.7
Stealth        | |  1.7

Action                   |  1- 3 |  4- 6 || total
-------------------------+-------+-------++-------
Melee: Hand axe          |    51 |    33 ||    84
       Flail             |     7 |       ||     7
       Kick              |       |     2 ||     2
Throw: Tomahawk          |     2 |       ||     2
 Cast: Flame Tongue      |    19 |    22 ||    41
 Stab: Sleeping          |     3 |       ||     3
  Eat: Chunk             |     1 |     2 ||     3
Armor: Robe              |     8 |     4 ||    12
Dodge: Dodged            |    52 |    30 ||    82
